 Dungeon Crawl Stone Soup version 0.21-a0-156-g77413b7 (webtiles) character file.

175 Atlas the Ruffian (level 5, -2/40 HPs)
             Began as a Draconian Transmuter on Aug 4, 2017.
             Killed from afar by brknglss's ghost (11 damage)
             ... with a stone arrow
             ... on level 3 of the Dungeon.
             The game lasted 00:03:02 (2291 turns).

Atlas the Ruffian (Draconian Transmuter)            Turns: 2291, Time: 00:03:03

Health: -2/40      AC:  7    Str: 13    XL:     5   Next: 29%
Magic:  8/8        EV: 12    Int: 14    God:
Gold:   125        SH:  0    Dex: 11    Spells: 2/8 levels left

rFire    . . .     SeeInvis .     - Unarmed
rCold    . . .     Gourm    .   (no shield)
rNeg     . . .     Faith    .   (armour unavailable)
rPois    .         Spirit   .   (helmet restricted)
rElec    .         Reflect  .   u - +0 cloak
rCorr    .         Harm     .   (no gloves)
MR       .....                  j - +0 pair of boots
Stlth    +.........             (no amulet)
HPRegen  0.13/turn              (no ring)
MPRegen  0.11/turn              (no ring)

@: no status effects
A: unfitting armour, cold-blooded, AC +5
a: no special abilities


You were on level 3 of the Dungeon.
You were very hungry.

You visited 1 branch of the dungeon, and saw 3 of its levels.

You collected 125 gold pieces.

Inventory:

Missiles
 a - 30 arrows
Armour
 j - a +0 pair of boots (worn)
 u - a +0 cloak (worn)
Wands
 s - a wand of flame (27/48)
Scrolls
 f - a scroll of teleportation
 l - 3 scrolls of enchant armour {unknown}
 o - a scroll of amnesia {unknown}
 q - a scroll of enchant weapon {unknown}
 r - a scroll of fear {unknown}
 t - 2 scrolls of remove curse
Potions
 d - a potion of lignification {unknown}
 e - a potion of haste {unknown}
 g - 2 potions of heal wounds {unknown}
 h - 2 potions of flight {unknown}
 k - a potion of curing {unknown}
 m - a potion of agility {unknown}
 n - a potion of might {unknown}
 p - 2 potions of brilliance {unknown}
Books
 b - a book of Changes

   Spells                             Type                      Level
   a - Beastly Appendage              Transmutation                1
   b - Sticks to Snakes               Transmutation                2
   c - Spider Form                    Transmutation/Poison         3
   d - Ice Form                       Ice/Transmutation            4
   e - Blade Hands                    Transmutation                5
Comestibles
 c - a bread ration
 i - 2 meat rations
 v - 3 fruits


   Skills:
 - Level 1.1 Fighting
 - Level 1.7 Dodging
 + Level 5.6 Unarmed Combat
 - Level 2.0 Spellcasting
 + Level 2.8 Transmutations


You had 2 spell levels left.
You knew the following spells:

 Your Spells              Type           Power        Failure   Level  Hunger
a - Beastly Appendage     Tmut           #.....       8%          1    ##.....
b - Sticks to Snakes      Tmut           #.......     11%         2    ###....
c - Spider Form           Tmut/Pois      #.........   36%         3    ####...


Dungeon Overview and Level Annotations

Branches:
Dungeon (3/15)

Altars:

Annotations:
D:3 brknglss's ghost, amateur DEEE


Innate Abilities, Weirdness & Mutations

Your plain brown scales are hard. (AC +5)
You cannot fit into any form of body armour.
You are cold-blooded and may be slowed by cold attacks.


Message History

You barely miss brknglss's ghost.
Brknglss's ghost is heavily damaged.
The orc shouts!
The orc misses you.
Brknglss's ghost grins evilly.
Brknglss's ghost misses you.
You miss brknglss's ghost.
You punch brknglss's ghost, but do no damage.
Brknglss's ghost is heavily damaged.
Brknglss's ghost misses you. The orc closely misses you.
The orc closely misses you. Brknglss's ghost casts a spell at you.
The stone arrow hits you!
* * * LOW HITPOINT WARNING * * *
An orc comes into view. It is wielding a hand axe.
You see here 12 gold pieces.
The orc shouts!
Brknglss's ghost gestures at you while chanting.
The stone arrow hits you!
You die...

. ..## ..o..# .######..##
#.....# #.........#.#
#.....### ..........#.#
#...?.'.
..........#.######.....#
..........#.#......o...#
..........#.+..........#
............#...@$o)†..#
.........[..##'###.W†..+
.....[......##.###..†......
..##........##......#......
<..#####....##......+.$....
....####...>........# .....
#...................# .....
#...................# ....
.............).....# ....


You could see brknglss's ghost and 3 orcs.

Vanquished Creatures
  Crazy Yiuf (D:2)
  A hound (D:2)
  3 adders
  2 worms (D:2)
  A leopard gecko (D:1)
  An orc (D:3)
  2 giant cockroaches (D:2)
  10 goblins
  8 hobgoblins
  8 jackals
  9 kobolds
  2 quokkas (D:2)
  5 bats
  3 frilled lizards
  5 rats
61 creatures vanquished.

Vanquished Creatures (collateral kills)
  Terence (D:2)
1 creature vanquished.

Grand Total: 62 creatures vanquished

Notes
Turn   | Place    | Note
-------+----------+-------------------------------------------
     0 | D:1      | Atlas the Draconian Transmuter began the quest for the Orb.
     0 | D:1      | Reached XP level 1. HP: 16/16 MP: 3/3
   363 | D:1      | Reached XP level 2. HP: 23/23 MP: 5/5
   836 | D:2      | Reached skill level 4 in Unarmed Combat
   870 | D:2      | Reached XP level 3. HP: 12/28 MP: 6/6
  1070 | D:2      | Learned a level 2 spell: Sticks to Snakes
  1074 | D:2      | Learned a level 3 spell: Spider Form
  1078 | D:2      | Noticed Terence
  1109 | D:2      | Killed Terence
  1336 | D:2      | Reached XP level 4. HP: 35/35 MP: 7/7
  1798 | D:2      | Reached skill level 5 in Unarmed Combat
  2011 | D:2      | Found a runed door.
  2107 | D:2      | Noticed Crazy Yiuf
  2113 | D:2      | Killed Crazy Yiuf
  2113 | D:2      | Reached XP level 5. HP: 30/40 MP: 0/8
  2277 | D:3      | Noticed brknglss's ghost (amateur DEEE)
  2291 | D:3      | Killed from afar by brknglss's ghost

Vault maps used:
D:1:      wheals_arrival_linesprint
D:2:      minmay_nonomino_d4, uniq_terence, uniq_crazy_yiuf_cottage
D:3:      first_bread

Skill      XL: |  1  2  3  4 |
---------------+-------------+-----
Unarmed Combat | 4 5 |  5.6
Fighting       | |  1.1
Dodging        | |  1.7
Spellcasting   | |  2.0
Transmutations | |  2.8

Action                   |  1- 3 |  4- 6 || total
-------------------------+-------+-------++-------
Melee: Unarmed           |   159 |    86 ||   245
       Tailslap          |    14 |    11 ||    25
       Punch             |     1 |     2 ||     3
       Headbutt          |       |     2 ||     2
 Cast: Sticks to Snakes  |     3 |     3 ||     6
       Beastly Appendage |       |     1 ||     1
  Use: Scroll            |     2 |       ||     2
  Eat: Chunk             |     2 |     2 ||     4
Armor: Skin              |    61 |    29 ||    90
Dodge: Dodged            |    93 |    43 ||   136
